← All builds
Tech / Armada / Economy first / OBSERVED BUILD

Standard tech

Armada Tech (Eco) build order · Supreme Isthmus

Rushes T2 factory and Advanced Metal Extractor while sending the first T2 constructor to Geo, scaling team eco and mex upgrades through the full 15 minutes.

Usually first T2 con to Geo (84%)

#eco #t2 #team support · 901 distinct matches · 120 players · 60% of Armada Tech games · team won 53% of 1034 · Recently observed

HOW TO PLAY IT

Key timing: T2 factory by 4:15

  1. Open mex and wind, start bot lab right away.
  2. Get bot lab up and begin feeding early cons.
  3. Start advanced bot lab to rush T2 factory.
  4. Finish T2 factory and push advanced metal extractor by 5:29.
  5. Build Citadel, Platypus and Umbrella as anti-nuke defence transition.

Phase by phase

TYPICAL OF ITS 901 GAMES
  1. 1
  2. 2
  3. 3
  4. 4
PLAY THE OPENING

Follow the example game's first 6:00 step by step: what to build now, what comes next, and where it goes. At 1× it keeps pace with your own game.

  1. 1

    Up to the Bot Lab

    Economy
    • Metal Extractor3Mex
    • Wind Turbine4Wind
    Order
    1. Bot LabBot Lab after 3 mex, 4 winddone ~1:17, middle half 1:13–1:31

    By 1:01 in all: 3 mex · 4 wind

    The example game in this phase · 4 steps
    1. Mex ×3
    2. Wind ×4
    3. Energy storage
    4. Bot LabBot Labdone 1:30 · typical 1:17
  2. 2

    Bot Lab to Advanced Bot Lab

    Economy
    • Metal Extractor1Mex
    • Wind Turbine8Wind
    • Energy Storage1Energy storage
    Order
    1. Advanced Bot LabAdvanced Bot Lab after 4 mex, 12 wind, 3 con turretdone ~4:15, middle half 4:04–4:28
    Builders
    • Construction Turret3 Con turret
    • Lazarus3 Lazarus
    • Construction Bot2 Con bot
    • Construction Bot1 Con bot for allies

    Some games also: converter (35%)

    By 3:19 in all: 4 mex · 12 wind · 1 energy storage · 3 con turret

    The example game in this phase · 9 steps
    1. Construction BotCon bot
    2. Wind ×2
    3. Con turret ×2
    4. LazarusLazarus
    5. Construction BotCon botfor Air
    6. Mex
    7. Wind ×6
    8. LazarusLazarus
    9. Advanced Bot LabAdvanced Bot Labdone 4:18 · typical 4:15
  3. 3

    Advanced Bot Lab to 5:00

    Economy
    • Wind Turbine2Wind
    Order
    1. Bot LabEat Bot Lab
    Builders
    • Advanced Construction Bot1 T2 con bot for allies

    Some games also: converter (35%)

    By 5:00 in all: 4 mex · 15 wind · 2 converter · 1 energy storage · 3 con turret

    The example game in this phase · 11 steps
    1. Wind ×3
    2. Construction BotCon bot
    3. Wind ×2
    4. Bot LabEat Bot Labreclaimed for its metal
    5. Wind
    6. Advanced Construction BotT2 con botfor Geo
    7. Wind
    8. Advanced Metal ExtractorT2 mexdone 6:03 · typical 5:29
    9. Advanced Construction BotT2 con botfor Air
    10. Wind ×2
    11. SharpshooterSniper botfor Ponddone 5:22
  4. 4

    5:00 to 10:00

    Economy
    • Wind Turbine44Wind
    • Energy Converter6Converter
    Builders
    • Butler8 Butler
    • Advanced Construction Bot4 T2 con bot for allies
    • Advanced Construction Bot1 T2 con bot

    Some games also: con turret (49%) · Butler for allies (37%)

    By 10:00 in all: 4 mex · 59 wind · 8 converter · 1 energy storage · 3 con turret

    The example game in this phase · 146 steps
    1. Advanced Metal ExtractorT2 mex ×2
    2. SharpshooterSniper bot
    3. SmugglerJammer botfor Pond
    4. ButlerButler
    5. Advanced Construction BotT2 con bot
    6. GunslingerGunslingernot finished by 15:00
    7. Advanced Construction BotT2 con botfor Suicide front
    8. ButlerButler ×3
    9. Advanced Metal ExtractorT2 mex
    10. ButlerButler
    11. CompassRadar bot ×2for Pond
    12. Advanced Construction BotT2 con botfor Geo sea
    13. ButlerButlerfor Geo sea
    14. Wind ×2
    15. ButlerButlerfor Geo sea
    16. Wind ×2
    17. Advanced Construction BotT2 con botfor Beach sea
    18. Wind ×3
    19. Advanced Construction BotT2 con botfor Pond
    20. Wind ×3
    21. Advanced Construction BotT2 con bot
    22. Wind ×5
    23. ButlerButler
    24. Wind ×4
    25. ButlerButler
    26. Wind
    27. Converter
    28. Wind
    29. ButlerButler
    30. Wind ×2
    31. Converter
    32. ButlerButler
    33. Converter
    34. Wind ×2
    35. Converter
    36. ButlerButler
    37. Wind ×3
    38. Con turret
    39. Converter
    40. Wind ×2
    41. ButlerButler
    42. Wind
    43. Converter
    44. Wind ×3
    45. Converter
    46. Wind ×4
    47. Con turret
    48. Wind
    49. Converter
    50. Wind ×3
    51. Converter ×2
    52. Wind ×2
    53. TumbleweedRolling bomb
    54. Wind ×2
    55. Con turret
    56. Wind
    57. Converter
    58. Wind
    59. Converter
    60. Wind ×2
    61. Con turret
    62. Wind ×3
    63. Converter
    64. Wind ×4
    65. Converter
    66. Con turret
    67. Wind ×3
    68. Fusion ReactorFusiondone 11:29
    69. Converter
    70. Wind
    71. Con turret
    72. Wind ×4
    73. Converter
    74. Wind ×2
    75. Metal storage
    76. Converter ×3
    77. Advanced Bot LabEat Advanced Bot Labreclaimed for its metal
    78. Wind ×3
    79. Con turret
    80. Converter
    81. Wind ×5
    82. Fusion ReactorFusion
    83. Converter
    84. Wind ×4
    85. Con turret ×2
    86. Wind ×3
    87. Converter
    88. Wind
    89. Converter
    90. Wind ×4
    91. Converter
    92. Wind ×7
    93. Converter
    94. Wind ×7
    95. Converter
    96. Wind
    97. Converter
    98. Wind ×4
    99. Converter ×2
    100. Wind ×8
    101. Converter
    102. Wind ×3
    103. T2 converter
    104. Wind ×3
    105. Converter
    106. Wind ×8
    107. Converter ×2
    108. NettleNettle
    109. Wind
    110. NettleNettle
    111. Wind ×3
    112. NettleNettle ×2
    113. Wind
    114. NettleNettle
    115. Wind
    116. Converter
    117. Wind
    118. NettleNettle
    119. Wind ×3
    120. NettleNettle
    121. Wind
    122. NettleNettle
    123. Wind
    124. Converter
    125. Wind
    126. CitadelAnti-nukedone 14:16
    127. Converter
    128. Con turret ×4
    129. Converter
    130. Con turret ×4
    131. Converter
    132. Con turret ×3
    133. Converter ×2
    134. Advanced Bot LabAdvanced Bot Labdone 14:36
    135. Converter
    136. TracerTracer
    137. PlatypusPlatypus ×4
    138. Converter
    139. Wind ×2
    140. PlatypusPlatypus
    141. Wind
    142. PlatypusPlatypus
    143. Wind ×2
    144. Converter
    145. PlatypusPlatypus
    146. T2 converter

Counts are medians over the build's games: half of them build more, half fewer. The example game is Blover's (38 OS, 08/10/2026); pick another.

Team trades

IN AT LEAST 30% OF ITS GAMES

You hand over

  • Construction Bot1 Con bot to Airfirst at 2:22 · in 87% of games
  • Advanced Construction Bot5 T2 con bot to Air or Geo sea or Pondfirst at 4:48 · in 99% of games
  • Sharpshooter2 Sniper bot to Pondfirst at 5:23 · in 32% of games
  • Butler2 Butler to Geo sea or Beach sea or Pondfirst at 9:05 · in 42% of games

You get

  • Hercules1 Light transport from Airfirst at 4:00 · in 85% of games

How it plays out

Typical game of this build, running totals by minute

Metal produced

020k40k
0:005:0010:0015:00

metal

Enemy metal destroyed

0100200300
0:005:0010:0015:00

metal

Own metal lost

0100200300
0:005:0010:0015:00

metal

1034 games.

Show as table
ByMetal produced: This buildEnemy metal destroyed: This buildOwn metal lost: This build
1:0038300
2:0091600
3:00164500
4:00316200
5:00486400
6:00580800
7:00723600
8:00911000
9:001125000
10:001358800
11:001643300
12:001999100
13:002375900
14:00276067381
15:0031704295204
WHAT THE NUMBERS SAY

This is the role's textbook T2 rush, posting the highest metal production of any build shown (31617 by 15:00) with almost no early losses.

  • + T2 factory done by 4:15 in 97% of games, extremely consistent.
  • + Own metal lost is only 228 by 15:00, near untouched economy.
  • − Team win rate is the lowest of all builds shown at 53%, fast eco alone doesn't decide games.
THE EXAMPLE YOU ARE READING

Blover

38.2 OS · 08/10/2026

Open source match ↗

1 received units
2642 metal received · 123723 energy received

Allied construction assistance is unknown. Timings are observations, not a promise of solo reproducibility.

Typical milestones

Bot Lab1:17Middle 50%: 1:13–1:31 · n=1034
Advanced Bot Lab4:15Middle 50%: 4:04–4:28 · n=1028
Advanced Metal Extractor5:29Middle 50%: 5:06–5:59 · n=1032

Played most by

Amrissa100games of this buildKOT_45games of this buildSyphos42games of this buildAdeus39games of this buildWashedGamuer39games of this build